 Dungeon Crawl Stone Soup version 0.32-a0-355-ged53ad6fd3 (webtiles) character file.

Game seed: 17410311381160923582

756099 sngkn the Slayer (level 27, -2/271 HPs)
             Began as a Minotaur Fighter on Feb 17, 2024.
             Was the Champion of Okawaru.
             Killed from afar by an orb of fire (77 damage)
             ... with a bolt of fire
             ... on level 5 of the Realm of Zot on Feb 18, 2024.
             The game lasted 02:32:06 (85221 turns).

sngkn the Slayer (Minotaur Fighter)                Turns: 85221, Time: 02:32:07

Health: -2/271     AC: 51    Str: 31    XL:     27
Magic:  28/36      EV: 21    Int:  3    God:    Okawaru [******]
Gold:   8759       SH: 23    Dex: 14    Spells: 26/26 levels left

rFire   . . .        O - +9 broad axe (heavy)
rCold   . . .        w - +5 Storm Queen's Shield {shock, Fly rElec}
rNeg    . . .        q - +7 plate armour of Makhleb's Benevolence {rPois Regen+ Str+2 SInv}
rPois   +            v - +0 mask of the Dragon {Will+ Slay+3 SInv}
rElec   +            M - +2 cloak {rCorr}
rCorr   +            G - +3 pair of gauntlets of War {Slay+5}
SInv    +            P - +3 pair of seven-league boots {Rampage+∞}
Will    +++..        z - amulet of regeneration Stlth
                     l - +4 ring of slaying
HPRegen 2.25/turn    J - ring of the Tortoise {AC+8}
MPRegen 0.25/turn

%: random rage (3%), rampage+∞
@: mighty, heroic, finesse-ful, flying, hasted, studying 2 skills, invisible,
very quick
A: horns 2, retaliatory headbutt, berserk 1, deterioration 1, dopey 1, weak 1,
no potion heal 1, inability to drink after injury 1
}: 5/15 runes: serpentine, barnacled, slimy, silver, abyssal
a: Renounce Religion, Heroism, Finesse, Duel, Receive Weapon, Receive Armour


You were on level 5 of the Realm of Zot.
You worshipped Okawaru.
Okawaru was exalted by your worship.
You visited 12 branches of the dungeon, and saw 56 of its levels.
You visited the Abyss 2 times.
You visited 1 ziggurat, and saw 14 of its levels.
You also visited: Ossuary, Ice Cave, Volcano and Desolation.

You collected 11679 gold pieces.
You spent 2920 gold pieces at shops.

Inventory:

Hand Weapons
 b - the +8 autumn katana {manifold assault}
   (You found it on level 1 of the Crypt)
 c - the +6 broad axe of Hayryll {spect, rElec Str+3 SInv}
   (You took it off a deep elf knight on level 3 of the Elven Halls)

   Str+3:     It affects your strength (+3).
   rElec:     It insulates you from electricity.
   SInv:      It lets you see invisible.
 o - a +9 broad axe of electrocution
 O - a +9 heavy broad axe (weapon)
Armour
 q - the +7 plate armour of Makhleb's Benevolence (worn) {rPois Regen+ Str+2 SInv}
   (You found it on level 3 of the Elven Halls)

   Str+2:     It affects your strength (+2).
   rPois:     It protects you from poison SInv: It lets you see invisible.
   Regen+:    It increases your rate of health regeneration.
 u - a +2 cloak of poison resistance
 v - the +0 mask of the Dragon (worn) {Will+ Slay+3 SInv}
   (You found it on level 2 of the Vaults)

   Slay+3:    It affects your accuracy & damage with ranged weapons and melee
   (+3).
   Will+:     It increases your willpower.
   SInv:      It lets you see invisible.
 w - the +5 Storm Queen's Shield (worn) {shock, Fly rElec}
   (You found it on level 1 of the Depths)

   Shock:     When it blocks an attack, it may electrocute the attacker.
   This works even against foes who are a short distance away.
   rElec:     It insulates you from electricity.
   Fly:       It grants you flight.
 G - the +3 pair of gauntlets of War (worn) {Slay+5}
   (You found it in the Desolation of Salt)

   Slay+5:    It affects your accuracy & damage with ranged weapons and melee
   (+5).
 M - a +2 cloak of preservation (worn)
 P - the +3 pair of seven-league boots (worn) {Rampage+∞}
   (You found it in a volcano)

   Rampage+∞: When moving toward enemies, its wearer moves as far as possible,
   alerting their target en route.
Jewellery
 a - a ring of ice
 g - the ring "Bixuorph" {rN+ EV+5 Dex+3}
   (You took it off a deep elf zephyrmancer on level 3 of the Elven Halls)

   [ring of evasion]

   EV+5:      It affects your evasion (+5).
   Dex+3:     It affects your dexterity (+3).
   rN+:       It protects you from negative energy.
 i - the ring "Tedaketa" {rC+ rN+ MP+9}
   (You found it in the Desolation of Salt)

   [ring of magical power]

   rC+:       It protects you from cold.
   rN+:       It protects you from negative energy.
   MP+9:      It affects your magic capacity (+9).
 l - a +4 ring of slaying (left hand)
 p - a +4 ring of protection
 r - the ring "Irhah" {rF+ rCorr}
   (You took it off Zenata on level 2 of the Vaults)

   [ring of resist corrosion]

   rF+:       It protects you from fire.
   rCorr:     It protects you from acid and corrosion.
 z - an amulet of regeneration (around neck)
 E - a +4 ring of protection
 H - the ring of Xeuram {Fly rF+ Int+6}
   (You found it on level 5 of the Pits of Slime)

   [ring of protection from fire]

   Int+6:     It affects your intelligence (+6).
   rF+:       It protects you from fire.
   Fly:       It grants you flight.
 I - a +4 ring of slaying
 J - the ring of the Tortoise (right hand) {AC+8}
   (You found it on level 2 of the Lair of Beasts)

   [ring of protection]

   AC+8:      It affects your AC (+8).
 V - a ring of poison resistance
Wands
 s - a wand of digging (15)
 t - a wand of quicksilver (52)
 y - a wand of iceblast (28)
Scrolls
 h - 8 scrolls of revelation
 m - 14 scrolls of teleportation
 B - 12 scrolls of fear
 D - a scroll of silence
 F - 14 scrolls of fog
 K - 4 scrolls of enchant armour
 L - 12 scrolls of immolation
 R - 6 scrolls of blinking
Potions
 e - 14 potions of magic
 f - a potion of haste
 j - 11 potions of attraction
 k - 15 potions of enlightenment
 n - 19 potions of curing
 x - a potion of mutation
 A - 4 potions of berserk rage
 C - 3 potions of ambrosia
 Q - 4 potions of heal wounds
 S - a potion of invisibility
Miscellaneous
 Z - a lightning rod (4/4)


   Skills:
 + Level 26.8(27) Fighting
 + Level 26.6(27) Axes
 + Level 26.8(27) Armour
 + Level 24.6(27) Dodging
 + Level 26.7(27) Shields
 - Level 20.4 Invocations


You had 26 spell levels left.
You didn't know any spells.
Your spell library contained the following spells:

 Spells                   Type           Power      Damage    Failure   Level
 Apportation              Tloc           0%         N/A       85%         1
 Foxfire                  Conj/Fire      0%         2x1d4     85%         1
 Freeze                   Ice            0%         1d3       85%         1
 Kiss of Death            Conj/Necr      0%         2d5       85%         1
 Magic Dart               Conj           0%         1d3       85%         1
 Necrotise                Necr           0%         1d4       85%         1
 Sandblast                Erth           0%         2d4       85%         1
 Slow                     Hex            0%         N/A       85%         1
 Sting                    Conj/Alch      0%         1d3       85%         1
 Blink                    Tloc           0%         N/A       94%         2
 Cigotuvi's Dreadful Rot  Necr/Alch/Air  0%         N/A       94%         2
 Ensorcelled Hibernation  Hex/Ice        0%         N/A       94%         2
 Jinxbite                 Hex            0%         N/A       94%         2
 Lesser Beckoning         Tloc           0%         N/A       94%         2
 Mercury Vapours          Alch/Air       0%         N/A       94%         2
 Momentum Strike          Conj/Tloc      0%         3d8       94%         2
 Searing Ray              Conj           0%         2d4       94%         2
 Static Discharge         Conj/Air       0%         3-3/arc   94%         2
 Sublimation of Blood     Necr           0%         N/A       94%         2
 Confusing Touch          Hex            0%         N/A       99%         3
 Dazzling Flash           Conj/Hex       0%         N/A       99%         3
 Frozen Ramparts          Ice            0%         1d1       99%         3
 Fugue of the Fallen      Necr           0%         N/A       99%         3
 Gell's Gravitas          Tloc           0%         N/A       99%         3
 Hailstorm                Conj/Ice       0%         3d5       99%         3
 Inner Flame              Hex/Fire       0%         N/A       99%         3
 Mephitic Cloud           Conj/Alch/Air  0%         N/A       99%         3
 Ozocubu's Armour         Ice            0%         N/A       99%         3
 Passwall                 Erth           0%         N/A       99%         3
 Sigil of Binding         Hex            0%         N/A       99%         3
 Stone Arrow              Conj/Erth      0%         3d7       99%         3
 Swiftness                Air            0%         N/A       99%         3
 Teleport Other           Tloc           0%         N/A       99%         3
 Vampiric Draining        Necr           0%         2d6       99%         3
 Volatile Blastmotes      Fire/Tloc      0%         2d10      99%         3
 Anguish                  Hex/Necr       0%         N/A       100%        4
 Brom's Barrelling Bould  Conj/Erth      0%         2d3       100%        4
 Cause Fear               Hex            0%         N/A       100%        4
 Dimensional Bullseye     Hex/Tloc       0%         N/A       100%        4
 Dispel Undead            Necr           0%         3d6       100%        4
 Fulminant Prism          Conj/Alch      0%         3d5       100%        4
 Ignite Poison            Fire/Alch      0%         N/A       100%        4
 Iskenderun's Mystic Bla  Conj/Tloc      0%         2d3       100%        4
 Leda's Liquefaction      Alch/Erth      0%         N/A       100%        4
 Manifold Assault         Tloc           0%         N/A       100%        4
 Olgreb's Toxic Radiance  Alch           0%         N/A       100%        4
 Petrify                  Alch/Erth      0%         N/A       100%        4
 Sticky Flame             Fire/Alch      0%         2d4       100%        4
 Vhi's Electric Charge    Tloc/Air       0%         N/A       100%        4
 Alistair's Intoxication  Alch           0%         N/A       100%        5
 Arcjolt                  Conj/Air       0%         1d10      100%        5
 Borgnjor's Vile Clutch   Necr/Erth      0%         N/A       100%        5
 Curse of Agony           Necr           0%         N/A       100%        5
 Fireball                 Conj/Fire      0%         3d3       100%        5
 Freezing Cloud           Conj/Ice/Air   0%         6-21      100%        5
 Irradiate                Conj/Alch      0%         3d11      100%        5
 Iskenderun's Battlesphe  Conj           0%         2d6       100%        5
 Lee's Rapid Deconstruct  Erth           0%         3d4*      100%        5
 Metabolic Englaciation   Hex/Ice        0%         N/A       100%        5
 Yara's Violent Unravell  Hex/Alch       0%         3d3       100%        5
 Bombard                  Conj/Erth      0%         9d1       100%        6
 Dispersal                Tloc           0%         N/A       100%        6
 Eringya's Noxious Bog    Alch           0%         4d6       100%        6
 Plasma Beam              Fire/Air       0%         2x1d10    100%        6
 Starburst                Conj/Fire      0%         6d3       100%        6
 Enfeeble                 Hex            0%         N/A       100%        7
 Ozocubu's Refrigeration  Ice            0%         4d7       100%        7
 Disjunction              Tloc           0%         N/A       100%        8
 Ignition                 Fire           0%         3d3       100%        8
 Lehudib's Crystal Spear  Conj/Erth      0%         10d2      100%        8
 Chain Lightning          Conj/Air       0%         N/A       100%        9
 Fire Storm               Conj/Fire      0%         5d1       100%        9
 Polar Vortex             Ice            0%         N/A       100%        9
 Shatter                  Erth           0%         3d5*      100%        9
 Call Imp                 Summ           Unusable   N/A       N/A         2
 Call Canine Familiar     Summ           Unusable   N/A       N/A         3
 Summon Ice Beast         Ice/Summ       Unusable   N/A       N/A         3
 Tukima's Dance           Hex            Unusable   N/A       N/A         3
 Animate Armour           Summ/Erth      Unusable   N/A       N/A         4
 Martyr's Knell           Necr/Summ      Unusable   N/A       N/A         4
 Summon Lightning Spire   Summ/Air       Unusable   N/A       N/A         4
 Death Channel            Necr           Unusable   N/A       N/A         6
 Sculpt Simulacrum        Ice/Alch       Unusable   N/A       N/A         6
 Spellforged Servitor     Conj/Summ      Unusable   N/A       N/A         7
 Summon Hydra             Summ           Unusable   N/A       N/A         7
 Dragon's Call            Summ           Unusable   N/A       N/A         9

Dungeon Overview and Level Annotations

Branches:
Dungeon (15/15)            Temple (1/1) D:6            Lair (5/5) D:9
 Shoals (4/4) Lair:2        Snake (4/4) Lair:2        Slime (5/5) Lair:5
    Orc (2/2) D:11            Elf (3/3) Orc:2        Vaults (5/5) D:13
  Crypt (3/3) Vaults:2       Tomb (0/3) Crypt:3      Depths (4/4) D:15
    Zot (5/5) Depths:4    Ossuary (visited)           IceCv (visited)
Volcano (visited)         Desolation (visited)

Altars:
Ashenzari
Cheibriados
Dithmenos
Elyvilon
Fedhas
Gozag
Hepliaklqana
Kikubaaqudgha
Makhleb
Nemelex Xobeh
Okawaru
Qazlal
Ru
Sif Muna
Trog
Uskayaw
Vehumet
Wu Jian
Xom
Yredelemnul
Zin
The Shining One
Jiyva

Shops:
D:4 (   D:6 [(((   D:9 (   D:11 =   Orc:2 =:[[[   Elf:1 :   Elf:2 ?   Snake:1 *
Snake:2 [?:   Vaults:1 :   Vaults:2 !   Vaults:3 (

Portals:
Hell: Depths:1 Depths:2 Depths:3 Depths:4
Abyss: Depths:3
Pandemonium: Depths:2 Depths:3 Depths:4

Annotations:
Lair:4 3 runed translucent doors, makewrite's ghost, journeyman GrGl
Depths:3 6 runed translucent doors
Zot:5 36 runed translucent doors


Innate Abilities, Weirdness & Mutations

You have a pair of horns on your head.
You reflexively headbutt those who attack you in melee.
You sometimes lose your temper in combat.
Your body sometimes deteriorates upon taking damage.
You are dopey. (Int -2)
You are weak. (Str -2)
Potions are less effective at restoring your health.
You occasionally lose the ability to drink potions when taking damage.


Message History

You cut the orb of fire into ribbons!!! Your headbutt misses the orb of fire.
The orb of fire is heavily damaged.
You closely miss the orb of fire. You completely miss the Orb Guardian.
The orb of fire glows deep purple.
The bolt of fire hits you!!
The bolt of fire hits the orb of fire.
The orb of fire completely resists.
The Killer Klown blinks!
Unknown command.
You hit the orb of fire but do no damage.
Your headbutt misses the orb of fire.
The orb of fire is heavily damaged.
You hit the Orb Guardian but do no damage.
You miss the orb of fire. You slice the orb of fire!!
You block the Orb Guardian's attack.
The electric golem enters a dispersal trap!
The shadow dragon blinks!
The Orb Guardian blinks!
The orb of fire blinks! x2
You blink.
An ancient lich comes into view.
Found a wand of iceblast (6).
The orb of fire glows red.
Strange energies course through your body.
You occasionally lose the ability to drink potions when taking damage.
The ancient lich casts a spell.
The ancient lich flickers and vanishes for a moment.
Unknown command.
The Killer Klown attacks as it pursues you!
The Killer Klown slaps you with a +10 heavy club!!
* * * LOW HITPOINT WARNING * * *
The shadow dragon breathes negative energy at you.
The bolt of negative energy misses you.
The orb of fire glows deep purple.
Strange energies course through your body.
You feel a little pissed off.
You enter a dispersal trap!
The orb of fire blinks! x2
The shadow dragon blinks!
The ancient lich blinks!
The orb of fire blinks!
The Killer Klown blinks! x2; The Orb Guardian blinks!
The orb of fire blinks!
The shadow dragon blinks! x2; The orb of fire blinks!
The ancient lich blinks!
You blink.
The orb of fire glows bright magenta.
The bolt of fire hits you!!!!
You die...

▓▓▓▓^............▓▓▓▓
▓▓▓...p..§)...........▓*
▓▓.!......§D?§.§........** ▓▓▓▓▓
▓.......*X...§.§........,*
....▓▓▓.................§.....,*
^....▓▓........§§....§........**
......▓.9...*........§..../..▓*
0^..........................▓▓
......▓..^^.....@.....§......▓*
.....▓▓....9..................**
....▓▓▓.§.........§^....§.....,*
▓▓▓▓▓ #.......................,*
##..........^...........**
##▓..............,,,,,**
▓▓▓▓...........,,,,**
#▓▓▓▓▓▓▓▓▓▓▓##..,,,**
###...^....,,,,,,,,,,,**


You could see 2 orbs of fire, a Killer Klown, an electric golem, a shadow dragon
(catching breath) and an Orb Guardian.

Vanquished Creatures
  the Royal Jelly (Slime:5)
  Dissolution (Slime:5)
  A dread lich (Vaults:5)
  2 ancient liches
  Mennas (Depths:3)
  4 orbs of fire
  The ghost of Lioda the Conqueror, a legendary MiBe of Trog (Zot:2)
  The ghost of Uqizxu the Hoplite, a master OnFi of Okawaru (Zot:2)
  Khufu (Crypt:2)
  5 juggernauts
  The ghost of Anuegiwi the Hoplite, a veteran AtFi of Ashenzari (Zot:2)
  Sojobo (Crypt:3)
  A royal mummy (Crypt:2)
  Boris (Depths:2)
  The ghost of Ydililac the Metallomancer, a legendary GrEE of Gozag (Zot:2)
  6 Killer Klowns
  Vv (Zot:4)
  3 curse toes
  Margery (Crypt:3)
  Jory (Crypt:3)
  5 golden dragons
  A profane servitor (Crypt:3)
  Norris (Depths:2)
  2 electric golems
  4 bone dragons
  16 tentacled monstrosities
  Rupert (Lair:5)
  4 deep elf blademasters
  9 liches
  20 Orb Guardians
  Zenata (Vaults:2)
  A walking frostbound tome (Depths:1)
  3 deep elf master archers
  4 titans (Vaults:5)
  A searing wretch (Crypt:3)
  11 acid blobs
  8 quicksilver dragons
  6 sphinxes
  4 Executioners
  2 krakens
  3 ancient champions
  12 shadow dragons
  7 tentacled starspawn
  11 storm dragons
  7 tengu reavers
  5 protean progenitors
  Roxanne (Shoals:3)
  13 death cobs
  Kirke (Shoals:1)
  2 fenstrider witches (Zig:3)
  10 frost giants
  12 fire giants
  12 nagarajas
  A daeva (Vaults:4)
  9 azure jellies
  An iron dragon (Depths:1)
  7 draconian monks
  3 revenants
  7 draconian shifters
  5 rockslimes (Slime:5)
  22 vault wardens
  3 draconian knights
  3 ghost moths
  2 deep elf sorcerers (Elf:3)
  9 draconian scorchers
  5 curse skulls
  A caustic shrike zombie (Crypt:3)
  8 balrugs
  An angel (Vaults:4)
  8 orc warlords
  Louise (Snake:1)
  7 deep elf elementalists
  8 draconian annihilators
  A cacodemon (Abyss:3)
  3 ghouls
  2 formless jellyfish
  2 reapers
  An imperial myrmidon (Desolation)
  A caustic shrike skeleton (Crypt:1)
  3 spriggan defenders
  2 broodmothers (Zot:3)
  30 very ugly things
  5 green draconians
  8 quicksilver oozes (Slime:5)
  21 stone giants
  22 ironbound preservers
  12 vampire knights
  12 deep elf death magi
  14 dire elephants
  A war gargoyle (Vaults:1)
  12 ironbound thunderhulks
  A lorocyproca (Abyss:3)
  6 deep elf demonologists
  9 black draconians
  11 deep elf annihilators
  10 white draconians
  2 bennus (Zig:6)
  A bunyip (Zig:3)
  A halazid warlock (Desolation)
  10 yellow draconians
  A spark wasp (Depths:1)
  2 purple draconians
  9 blizzard demons
  5 red draconians
  Azrael (D:13)
  A green death (Depths:4)
  4 eidola
  The ghost of Snipperlap the Protected, a journeyman GnWn of Gozag (Lair:2)
  4 merfolk javelineers
  14 fire dragons
  2 entropy weavers
  Josephine (Lair:4)
  Snorg (D:14)
  8 merfolk impalers
  4 crystal guardians (Desolation)
  4 mummy priests
  The ghost of fexil the Zephyrmancer, a journeyman DrAE of Vehumet (Lair:1)
  8 yaktaur captains
  15 ettins
  27 jiangshi
  6 ragged hierophants (Desolation)
  7 salamander tyrants
  14 great orbs of eyes
  3 deep elf high priests (Elf:3)
  2 hydras
  10 peacekeepers
  6 servants of whispers (Desolation)
  3 alligators (Shoals:2)
  A caustic shrike simulacrum (Crypt:2)
  10 ice dragons
  41 vault guards
  2 ogre magi
  2 rakshasas
  5 spriggan air magi
  Erica (D:9)
  11 anacondas
  2 catoblepae
  A spriggan skeleton (Zig:9)
  5 ironbound frosthearts
  4 death knights
  5 merfolk avatars
  An anaconda (shapeshifter) (Elf:2)
  4 merfolk aquamancers
  4 boulder beetles
  23 naga warriors
  14 two-headed ogres
  20 centaur warriors
  35 dancing weapons
  4 alligator snapping turtles
  A death yak (Lair:2)
  5 satyrs
  3 two-headed ogres (shapeshifter) (Elf:1)
  3 death scarabs
  12 deep troll shamans
  8 tengu warriors
  12 vampire magi
  6 deep troll earth magi
  5 hell hogs
  An occultist (Abyss:3)
  9 orc high priests
  14 shock serpents
  A demonic crawler (Abyss:3)
  A spectral dire elephant (Crypt:3)
  4 soul eaters (Depths:4)
  22 naga sharpshooters
  Urug (Orc:2)
  A shock serpent (shapeshifter) (Elf:1)
  12 thrashing horrors
  26 deep elf knights
  6 spriggan berserkers
  8 hell knights
  Sonja (D:10)
  5 sun demons
  A skyshark (shapeshifter) (Depths:1)
  9 skysharks
  10 wretched stars
  A sixfirhy (Abyss:3)
  A sea snake (shapeshifter) (Elf:3)
  A death drake (Abyss:3)
  9 iron trolls
  A goliath frog (Shoals:2)
  3 glowing orange brains
  A spatial maelstrom (Abyss:2)
  4 salamander mystics
  29 skeletal warriors
  A mana viper (shapeshifter) (Elf:1)
  15 sea snakes
  A swamp dragon (shapeshifter) (Vaults:5)
  93 deep trolls
  2 elf simulacra (Elf:1)
  10 naga ritualists
  4 arcanists
  A glowing orange brain (shapeshifter) (D:15)
  3 shadow wraiths (Crypt:3)
  13 mana vipers
  22 deep elf archers
  An orange crystal statue (IceCv)
  A golden dragon skeleton (Zig:6)
  7 flayed ghosts
  4 bog bodies (Crypt:3)
  8 necromancers
  2 spriggan simulacra
  2 harpies (shapeshifter)
  15 harpies
  19 ironbound convokers
  10 orc knights
  8 phantasmal warriors
  35 deep elf pyromancers
  Pikel (D:6)
  A tengu skeleton (Crypt:1)
  32 deep elf zephyrmancers
  5 orc sorcerers
  3 shining eyes (Slime:5)
  2 wolf spiders
  14 lindwurms
  A stone giant zombie (Crypt:2)
  5 fauns
  A lightning spire (Abyss:3)
  A frost giant zombie (Zig:9)
  An oklob plant (Lair:3)
  14 manticores
  25 ugly things
  18 salamanders
  A salamander (shapeshifter) (Elf:2)
  22 moths of wrath
  5 cyclopes
  A meliai (shapeshifter) (Elf:1)
  A draconian skeleton (Abyss:3)
  3 worldbinders
  Maurice (Orc:2)
  40 black mambas
  3 kobold blastminers
  6 water nymphs
  6 meliai
  10 guardian serpents
  A stone giant skeleton (Crypt:3)
  11 smoke demons
  6 torpor snails
  9 merfolk sirens
  5 elephants (Lair:1)
  16 naga magi
  A water nymph (shapeshifter) (Depths:3)
  22 vault sentinels
  3 rust devils
  26 large abominations
  An orange demon (Abyss:3)
  An eye of devastation (shapeshifter) (Depths:3)
  3 apocalypse crabs
  2 eyes of devastation
  17 cane toads
  3 spectral elves (Elf:1)
  13 unseen horrors
  A death yak zombie (Crypt:1)
  An efreet (Abyss:3)
  9 komodo dragons
  A kobold demonologist (D:13)
  7 rime drakes
  13 freezing wraiths
  3 anaconda simulacra
  34 yaktaurs
  3 tengu conjurers (Depths:3)
  A sea snake zombie (Crypt:2)
  Psyche (D:10)
  13 ancient zymes
  2 hellions (Depths:4)
  3 tormentors
  4 guardian mummies
  31 merfolk
  A queen bee (D:12)
  A queen bee (shapeshifter) (Elf:2)
  A tyrant leech (shapeshifter) (Depths:2)
  A red devil (Abyss:2)
  A polar bear (shapeshifter) (Elf:1)
  8 trolls
  3 tyrant leeches (Lair:5)
  An alligator simulacrum (IceCv)
  4 polar bears
  A tarantella (shapeshifter) (D:15)
  7 wind drakes
  15 hornets
  A glass eye (shapeshifter) (D:15)
  10 raiju
  62 saltlings
  4 glass eyes
  13 snapping turtles
  4 dream sheep (Shoals:1)
  4 air elementals
  45 slime creatures
  16 water elementals
  Sigmund (D:6)
  2 spriggans (Depths:2)
  A vampire (D:13)
  16 wraiths
  49 yaks
  5 ynoxinuls
  8 wyverns
  A culicivora (shapeshifter) (Vaults:5)
  6 shadows
  A dire elephant simulacrum (IceCv)
  A yak (shapeshifter) (D:14)
  12 small abominations
  3 hogs (Shoals:1)
  3 ushabtiu
  5 fire elementals
  2 wargs
  4 redbacks
  A minotaur simulacrum (Crypt:2)
  2 vampire mosquitoes (D:12)
  A golden eye (Zig:11)
  20 humans (D:13)
  5 basilisks
  A spatial vortex (Abyss:2)
  7 neqoxecs
  39 nagas
  2 steam dragons
  6 chaos spawn
  3 swamp worms (Zot:4)
  4 acid dragons
  2 harpy simulacra (IceCv)
  29 water moccasins
  A faun skeleton (Crypt:2)
  A naga skeleton (Crypt:1)
  A glowing shapeshifter skeleton (Crypt:2)
  4 hell hounds (D:13)
  40 orc warriors
  5 black bears
  2 sky beasts
  A dream sheep zombie (Crypt:1)
  An ice beast (D:5)
  25 laughing skulls
  An ettin simulacrum (IceCv)
  18 centaurs
  13 wolves
  16 ogres
  A phantom (D:4)
  53 starcursed masses
  A swamp dragon skeleton (Crypt:1)
  15 kobold brigands
  4 lemures (D:6)
  2 weeping skulls
  3 elf zombies (Ossuary)
  16 bullfrogs
  3 gnoll sergeants
  A scorpion (D:4)
  An elf skeleton (D:7)
  A warg zombie (Crypt:2)
  A naga simulacrum (Crypt:3)
  3 burial acolytes (Crypt:3)
  An elephant simulacrum (Lair:1)
  2 lindwurm simulacra (IceCv)
  24 killer bees
  A yak skeleton (Crypt:2)
  An electric eel (Snake:1)
  4 howler monkeys
  A bombardier beetle (D:4)
  3 centaur zombies
  4 lava snakes (Lair:2)
  A quasit (Abyss:3)
  2 hounds
  2 gnoll boudas (D:8)
  6 jellies
  4 human zombies
  20 orc priests
  2 iron imps (Abyss:3)
  A water moccasin simulacrum (Lair:1)
  2 human skeletons (D:7)
  2 iguanas (D:5)
  34 orc wizards
  A polar bear simulacrum (Lair:1)
  Natasha (thrice) (D:4)
  4 hell rats (Lair:2)
  2 boggart skeletons
  An ice beast zombie (Crypt:1)
  3 bullfrog simulacra (Lair:1)
  3 hound zombies (Ossuary)
  21 mummies
  19 gnolls
  A howler monkey zombie (Crypt:1)
  6 adders
  A shadow imp (D:5)
  5 white imps
  11 ufetubi
  5 adder zombies (Ossuary)
  2 dart slugs
  5 ribbon worms
  89 orcs
  5 bats
  3 endoplasms
  3 giant cockroaches
  4 goblins
  7 hobgoblins
  37 kobolds
  9 quokkas
  7 ball pythons
  A frilled lizard (D:2)
  4 gnoll zombies (Ossuary)
  7 jackal zombies (Ossuary)
  6 kobold zombies (Ossuary)
  2 orc skeletons (D:7)
  4 orc zombies (Ossuary)
  A quokka zombie (Crypt:2)
  8 rats
  10 starspawn tentacles
  4 tentacles
3012 creatures vanquished.

Vanquished Creatures (others)
  Nikola (Snake:2)
  A fire giant (Depths:4)
  A jiangshi (Depths:1)
  A merfolk aquamancer (Zig:13)
  3 deep elf knights
  2 deep elf zephyrmancers
  A chaos spawn (Abyss:3)
  2 small abominations (Abyss:2)
  A burial acolyte (Crypt:3)
  An orc priest (D:13)
  2 foxfires (Lair:1)
  8 starspawn tentacles
  2 tentacles (Shoals:1)
26 creatures vanquished.

Grand Total: 3038 creatures vanquished

Notes
Turn   | Place    | Note
-------+----------+-------------------------------------------
     0 | D:1      | sngkn the Minotaur Fighter began the quest for the Orb.
     0 | D:1      | Reached XP level 1. HP: 19/19 MP: 0/0
   176 | D:1      | Reached XP level 2. HP: 27/27 MP: 1/1
   495 | D:1      | Reached skill level 1 in Dodging
   831 | D:2      | Reached XP level 3. HP: 33/33 MP: 2/2
  1072 | D:2      | Identified the +0 spear "Aweohev" {heavy, *Slow Will- Int+4
                  | SInv}
  1667 | D:3      | Reached XP level 4. HP: 32/40 MP: 3/3
  1777 | D:3      | Identified a scroll of acquirement
  1777 | D:3      | Acquired the +7 plate armour of the Black Moon {Dex+3}
  1823 | D:3      | Found a shimmering blue altar of Sif Muna.
  1934 | D:3      | Found a snail-covered altar of Cheibriados.
  1966 | D:3      | Reached XP level 5. HP: 47/47 MP: 4/4
  2485 | D:3      | Noticed a moth of wrath
  2488 | D:3      | Found a bloodstained altar of Trog.
  2542 | D:3      | Identified the +1 long sword of the Sharp God {pain, ^Drain
                  | rCorr Int+5 Stlth+}
  2765 | D:4      | Reached XP level 6. HP: 44/55 MP: 5/5
  2769 | D:4      | Reached skill level 5 in Fighting
  2769 | D:4      | Reached skill level 5 in Armour
  2769 | D:4      | Reached skill level 5 in Shields
  2950 | D:4      | Noticed Natasha
  2956 | D:4      | Killed Natasha
  2957 | D:4      | Reached XP level 7. HP: 61/61 MP: 6/6
  2961 | D:4      | Noticed Natasha
  2975 | D:4      | Killed Natasha
  3070 | D:4      | Noticed Natasha
  3080 | D:4      | Killed Natasha
  3327 | D:4      | Found Loghumna's Firing Range.
  3372 | D:5      | Entered Level 5 of the Dungeon
  3429 | D:5      | Found an ornate altar of the Wu Jian Council.
  3462 | D:5      | Identified the +7 ring mail of the Endless Expanse {+Inv
                  | Dex+6}
  3542 | D:5      | Reached skill level 5 in Axes
  3568 | D:5      | Gained mutation: You possess an exceptional clarity of
                  | mind. [potion of mutation]
  3898 | D:5      | Noticed a two-headed ogre
  3908 | D:5      | Killed a two-headed ogre
  3909 | D:5      | Reached XP level 8. HP: 26/71 MP: 7/7
  4372 | D:5      | Found a sacrificial altar of Ru.
  4409 | D:5      | Reached skill level 5 in Dodging
  4663 | D:6      | Found a transporter.
  4665 | D:6      | Found Rouplep's Armour Emporium.
  4807 | D:6      | Reached XP level 9. HP: 55/79 MP: 8/8
  4926 | D:6      | Noticed Pikel
  4966 | D:6      | Killed Pikel
  5108 | D:6      | Found a staircase to the Ecumenical Temple.
  5148 | Temple   | Entered the Ecumenical Temple
  5178 | Temple   | Became a worshipper of Warmaster Okawaru
  5364 | D:6      | Found Nuiliher's Weapon Shop.
  5423 | D:6      | Found Uqeeghat's Weapon Shop.
  5469 | D:6      | Found Gebrolucvoe's Weapon Emporium.
  5686 | D:6      | Noticed Sigmund
  5695 | D:6      | Killed Sigmund
  5759 | D:6      | Found a transporter.
  6049 | D:7      | Found an ancient bone altar of Kikubaaqudgha.
  6271 | D:7      | Found a sand-covered staircase.
  6284 | Ossuary  | Entered an ossuary
  6414 | Ossuary  | Reached * piety under Okawaru
  6555 | D:7      | Acquired the +3 Mad Mage's Maulers {Infuse+∞ VampMP -Cast}
  6555 | D:7      | Found the +3 Mad Mage's Maulers {Infuse+∞ VampMP -Cast}
  6561 | D:7      | Acquired 895 gold pieces
  6658 | D:6      | Bought a +2 broad axe of electrocution for 308 gold pieces
  7187 | D:7      | Reached XP level 10. HP: 87/90 MP: 0/9
  7770 | D:7      | Noticed a two-headed ogre
  7776 | D:7      | Killed a two-headed ogre
  8017 | D:7      | Found a shimmering altar of Xom.
  8555 | D:8      | Reached ** piety under Okawaru
 10011 | D:9      | Found a staircase to the Lair.
 10358 | D:9      | Found Couqaed's Weapon Shoppe.
 10420 | D:9      | Noticed Erica
 10451 | D:9      | Killed Erica
 10451 | D:9      | Reached *** piety under Okawaru
 10720 | D:10     | Entered Level 10 of the Dungeon
 10806 | D:10     | Found a glowing silver altar of Zin.
 11060 | D:10     | Noticed Psyche
 11076 | D:10     | Killed Psyche
 11077 | D:10     | Reached skill level 10 in Fighting
 11077 | D:10     | Reached XP level 11. HP: 43/99 MP: 0/10
 11443 | D:10     | Reached skill level 10 in Armour
 11445 | D:10     | Reached skill level 10 in Shields
 11460 | D:10     | Noticed Sonja
 11468 | D:10     | Killed Sonja
 11468 | D:10     | Reached **** piety under Okawaru
 11543 | D:10     | Identified the +2 leather armour of the Harvest {-Tele
                  | rElec Str+7 SInv}
 11556 | D:10     | Found an opulent altar of Gozag.
 12675 | D:11     | Reached skill level 10 in Axes
 13347 | D:11     | Found Ihast's Jewellery Shoppe.
 13408 | D:11     | Found a staircase to the Orcish Mines.
 13617 | D:12     | Reached ***** piety under Okawaru
 13744 | D:12     | Noticed a two-headed ogre
 13749 | D:12     | Killed a two-headed ogre
 13851 | D:12     | Noticed a two-headed ogre
 13851 | D:12     | Noticed a two-headed ogre
 13866 | D:12     | Killed a two-headed ogre
 13872 | D:12     | Killed a two-headed ogre
 13872 | D:12     | Received a gift from Okawaru
 14362 | D:12     | Received a gift from Okawaru
 14462 | D:12     | Acquired 786 gold pieces
 14889 | D:12     | Reached XP level 12. HP: 105/110 MP: 1/11
 15266 | D:13     | Noticed a boulder beetle
 15270 | D:13     | Killed a boulder beetle
 15569 | D:13     | Reached skill level 10 in Dodging
 15759 | D:13     | Noticed a centaur warrior
 15766 | D:13     | Killed a centaur warrior
 16013 | D:13     | Received a gift from Okawaru
 16277 | D:13     | Paralysed by a centaur for 4 turns
 16330 | D:13     | Noticed Azrael
 16434 | D:13     | Noticed a vault guard
 16449 | D:13     | Killed a vault guard
 16449 | D:13     | Received a gift from Okawaru
 16464 | D:13     | Noticed a vault guard
 16495 | D:13     | Killed a vault guard
 16602 | D:13     | Found a gate to the Vaults.
 16699 | D:13     | Reached XP level 13. HP: 62/119 MP: 0/12
 16705 | D:13     | Killed Azrael
 16964 | D:13     | Identified the +1 glaive of Unreason {flame, rElec Dex+3}
 17338 | D:14     | Noticed Snorg
 17350 | D:14     | Killed Snorg
 17470 | D:14     | Reached ****** piety under Okawaru
 17815 | D:14     | Received a gift from Okawaru
 18298 | D:14     | Found a glowing golden altar of the Shining One.
 18574 | D:15     | Entered Level 15 of the Dungeon
 18714 | Lair:1   | Entered Level 1 of the Lair of Beasts
 18747 | Lair:1   | Received a gift from Okawaru
 19001 | Lair:1   | Found a runed translucent gate.
 19001 | Lair:1   | Found a runed translucent gate.
 19001 | Lair:1   | Found a runed translucent gate.
 19684 | Lair:1   | Noticed fexil's ghost (journeyman DrAE)
 20212 | Lair:1   | Killed fexil's ghost
 20225 | Lair:1   | Got the ring of the Evening {Fire Dex+4}
 20229 | Lair:1   | Identified the ring "Ackaumoa" {rPois rCorr Str-3 Dex-4
                  | SInv}
 20337 | Lair:2   | Reached XP level 14. HP: 119/130 MP: 0/13
 20342 | Lair:2   | Received a gift from Okawaru
 20657 | Lair:2   | Found a staircase to the Shoals.
 21129 | Lair:2   | Found a staircase to the Snake Pit.
 21281 | Lair:2   | Found the ring of the Tortoise {AC+8}
 21507 | Lair:2   | Found a runed translucent door.
 21508 | Lair:2   | Noticed Snipperlap's ghost (journeyman GnWn)
 21531 | Lair:2   | Killed Snipperlap's ghost
 22174 | Lair:3   | Found a dark tunnel.
 22186 | Volcano  | Entered a volcano
 22278 | Volcano  | Found a bloodstained altar of Trog.
 22296 | Volcano  | Found the +3 pair of seven-league boots {Rampage+∞}
 22521 | Lair:3   | Received a gift from Okawaru
 24480 | Lair:4   | Found a runed translucent gate.
 24480 | Lair:4   | Found a runed translucent gate.
 24480 | Lair:4   | Found a runed translucent gate.
 24480 | Lair:4   | Noticed an acid blob
 24480 | Lair:4   | Noticed an acid blob
 24480 | Lair:4   | Noticed an acid blob
 24481 | Lair:4   | Noticed an azure jelly
 24481 | Lair:4   | Noticed makewrite's ghost (journeyman GrGl)
 24481 | Lair:4   | Noticed an azure jelly
 24481 | Lair:4   | Noticed an acid blob
 24481 | Lair:4   | Noticed an acid blob
 24482 | Lair:4   | Noticed a rockslime
 24482 | Lair:4   | Noticed an azure jelly
 24482 | Lair:4   | Noticed an azure jelly
 24482 | Lair:4   | Noticed an acid blob
 24482 | Lair:4   | Noticed an azure jelly
 24482 | Lair:4   | Noticed a rockslime
 24484 | Lair:4   | Noticed an azure jelly
 24485 | Lair:4   | Noticed Josephine
 24500 | Lair:4   | Killed Josephine
 24508 | Lair:4   | Found a viscous altar of Jiyva.
 25031 | Lair:4   | Identified the +6 ring mail of Beesapidd {Will- Regen+
                  | Dex+7 Stlth+}
 25635 | Lair:4   | Received a gift from Okawaru
 25943 | Lair:5   | Entered Level 5 of the Lair of Beasts
 25943 | Lair:5   | Found a viscous altar of Jiyva.
 26048 | Lair:5   | Found a staircase to the Slime Pits.
 27036 | Lair:5   | Received a gift from Okawaru
 27401 | Lair:5   | Reached XP level 15. HP: 134/139 MP: 0/14
 27401 | Lair:5   | Reached skill level 15 in Fighting
 27401 | Lair:5   | Reached skill level 15 in Armour
 27401 | Lair:5   | Reached skill level 15 in Shields
 27401 | Lair:5   | Reached XP level 16. HP: 144/149 MP: 0/15
 27402 | Lair:5   | Reached skill level 15 in Axes
 27402 | Lair:5   | Reached XP level 17. HP: 152/156 MP: 0/16
 28164 | Lair:5   | Noticed Rupert
 28172 | Lair:5   | Killed Rupert
 28542 | Lair:5   | Identified the serpent talisman "Alimpent" {rC- Str+5}
 28966 | Orc:1    | Entered Level 1 of the Orcish Mines
 29117 | Orc:2    | Entered Level 2 of the Orcish Mines
 29119 | Orc:2    | Found a staircase to the Elven Halls.
 29295 | Orc:2    | Received a gift from Okawaru
 29541 | Orc:2    | Found Rataluf's Book Shop.
 29541 | Orc:2    | Found Huaguvom's Jewellery Emporium.
 29543 | Orc:2    | Found Kaoculapn's Armour Shop.
 29543 | Orc:2    | Found Lepiodiy's Armour Emporium.
 29733 | Orc:2    | Found Sos Etan's Antique Armour Shop.
 29791 | Orc:2    | Noticed Maurice
 29807 | Orc:2    | Killed Maurice
 29916 | Orc:2    | Noticed Urug
 29922 | Orc:2    | Killed Urug
 31091 | D:15     | Found a staircase to the Depths.
 31105 | D:15     | Received a gift from Okawaru
 32357 | D:15     | Found a shadowy altar of Dithmenos.
 33018 | Snake:1  | Entered Level 1 of the Snake Pit
 33040 | Snake:1  | Found Ukliqela's General Store.
 33043 | Snake:1  | Found Qeruzeq's Specific Store.
 33052 | Snake:1  | Received a gift from Okawaru
 33086 | Snake:1  | Bought a potion of curing for 48 gold pieces
 34079 | Snake:1  | Noticed Louise
 34083 | Abyss:2  | Cast into level 2 of the Abyss (Louise)
 34138 | Abyss:2  | Reached skill level 15 in Dodging
 34673 | Snake:1  | Escaped the Abyss
 34692 | Snake:1  | Killed Louise
 34755 | Snake:1  | Received a gift from Okawaru
 34756 | Snake:1  | Reached XP level 18. HP: 168/168 MP: 4/17
 35825 | Snake:1  | Identified the ring "Wew Vimp" {Ice rElec Int-4 Slay+3}
 36467 | D:11     | Bought a ring of poison resistance for 320 gold pieces
 36983 | Snake:2  | Found Qekocly's Book Shoppe.
 36992 | Snake:2  | Received a gift from Okawaru
 37177 | Snake:2  | Noticed Nikola
 37183 | Snake:2  | Killed Nikola
 37439 | Snake:2  | Found Izac's Antique Armour Emporium.
 37447 | Snake:2  | Bought a faintly humming plate armour for 784 gold pieces
 37447 | Snake:2  | Identified the +0 plate armour "Tyriasch" {rElec MP+9} (You
                  | bought it in a shop on level 2 of the Snake Pit)
 37459 | Snake:2  | Found Xoudalev's Magic Scroll Shop.
 37479 | Snake:2  | Bought a scroll of enchant armour for 82 gold pieces
 37480 | Snake:2  | Bought a scroll of enchant armour for 82 gold pieces
 37480 | Snake:2  | Bought 2 scrolls of immolation for 88 gold pieces
 37480 | Snake:2  | Bought a scroll of revelation for 82 gold pieces
 37480 | Snake:2  | Bought a scroll of teleportation for 33 gold pieces
 38039 | Snake:3  | Received a gift from Okawaru
 38104 | Snake:3  | Found a glacial archway.
 38134 | IceCv    | Entered an ice cave
 38258 | IceCv    | Found a transporter.
 38264 | IceCv    | Found a transporter.
 38308 | IceCv    | Got the Vellum of Graupel
 38828 | Snake:3  | Received a gift from Okawaru
 40230 | Snake:4  | Entered Level 4 of the Snake Pit
 40491 | Snake:4  | Received a gift from Okawaru
 40665 | Snake:4  | Reached XP level 19. HP: 102/179 MP: 3/18
 42057 | Snake:4  | Received a gift from Okawaru
 42591 | Snake:4  | Got a serpentine rune of Zot
 44089 | Orc:2    | Bought a ring of flight for 245 gold pieces
 44289 | Shoals:1 | Entered Level 1 of the Shoals
 44560 | Shoals:1 | Received a gift from Okawaru
 45470 | Shoals:1 | Noticed Kirke
 45496 | Shoals:1 | Killed Kirke
 47057 | Shoals:2 | Received a gift from Okawaru
 49044 | Shoals:3 | Noticed Roxanne
 49068 | Shoals:3 | Killed Roxanne
 49495 | Shoals:4 | Entered Level 4 of the Shoals
 49656 | Shoals:4 | Reached XP level 20. HP: 181/191 MP: 2/19
 50452 | Shoals:4 | Received a gift from Okawaru
 50664 | Shoals:4 | Got a barnacled rune of Zot
 50798 | Shoals:4 | Identified the staff of Miocaag {+Blink rF+ Fire}
 51938 | Vaults:1 | Entered Level 1 of the Vaults
 52900 | Vaults:1 | Received a gift from Okawaru
 53027 | Vaults:1 | Found Enee's Book Emporium.
 53653 | Vaults:1 | Received a gift from Okawaru
 55210 | Vaults:1 | Received a gift from Okawaru
 56060 | Vaults:2 | Found Yzinou's Distillery.
 56069 | Vaults:2 | Bought a potion of magic for 96 gold pieces
 56069 | Vaults:2 | Bought a potion of curing for 36 gold pieces
 56069 | Vaults:2 | Bought a potion of curing for 36 gold pieces
 56069 | Vaults:2 | Bought a potion of curing for 36 gold pieces
 56069 | Vaults:2 | Bought a potion of heal wounds for 60 gold pieces
 56069 | Vaults:2 | Bought 2 potions of enlightenment for 120 gold pieces
 56107 | Vaults:2 | Noticed Zenata
 56120 | Vaults:2 | Reached XP level 21. HP: 125/201 MP: 2/20
 56287 | Vaults:2 | Received a gift from Okawaru
 56699 | Vaults:2 | Identified the ring "Irhah" {rF+ rCorr}
 56714 | Vaults:2 | Killed Zenata
 56735 | Vaults:2 | Received a gift from Okawaru
 57304 | Vaults:2 | Found the +0 mask of the Dragon {Will+ Slay+3 SInv}
 58069 | Vaults:2 | Found a staircase to the Crypt.
 59278 | Vaults:3 | Identified the +4 quarterstaff "Wyseink Ugga" {antimagic,
                  | rF+}
 59493 | Vaults:3 | Found Koumyit's Weapon Boutique.
 60700 | Vaults:4 | Received a gift from Okawaru
 60829 | Vaults:4 | Found a crumbling gateway.
 60840 | Desolati | Entered the Desolation of Salt
 61248 | Desolati | Received a gift from Okawaru
 61500 | Desolati | Identified the ring of Ushoykh {Ice +Blink Will+ rCorr
                  | Str+3}
 61502 | Desolati | Identified the ring "Tedaketa" {rC+ rN+ MP+9}
 61841 | Desolati | Reached XP level 22. HP: 171/213 MP: 0/21
 61846 | Desolati | Identified the +3 fire dragon scales of the Ward {rF++ rC-
                  | Int+2 Dex+2}
 61848 | Desolati | Identified the +4 rapier of Okkuaniss {drain, Will++ Int+7}
 61895 | Desolati | Identified the +6 spear of Quantum Leap {freeze, ^Fragile
                  | Str+2 Int+4 Dex+3}
 61896 | Desolati | Identified the ring of the Rose {rPois rF- rN+ EV+5 Dex+4}
 62218 | Desolati | Received a gift from Okawaru
 62231 | Desolati | Found the +3 pair of gauntlets of War {Slay+5}
 62342 | Desolati | Got Yntod's Elucidation of the Tincture and Anathema
 62600 | Vaults:4 | Identified the amulet "Akisehop" {Faith rElec rC+ Dex+3}
 62814 | Vaults:4 | Found a runed translucent gate.
 62814 | Vaults:4 | Found a runed translucent gate.
 62814 | Vaults:4 | Found a runed translucent gate.
 63178 | Vaults:4 | Received a gift from Okawaru
 63201 | Vaults:4 | Noticed a golden dragon
 63540 | Vaults:4 | Found a glowing golden altar of the Shining One.
 63629 | Vaults:5 | Entered Level 5 of the Vaults
 63642 | Vaults:5 | Reached skill level 1 in Invocations
 63656 | Vaults:5 | Reached skill level 5 in Invocations
 63725 | Vaults:5 | Received a gift from Okawaru
 63906 | Vaults:5 | Identified the +0 scale mail "Gidydadu" {rF+ rC+ Int+4
                  | Dex-4}
 64005 | Vaults:5 | Identified the ring of Fofaucw {rF- rC+ MP+9 SInv}
 64009 | Vaults:5 | Got a silver rune of Zot
 64222 | Vaults:5 | Identified the +3 great sword of Proximity {freeze, rCorr
                  | Str+4 Int+4}
 64287 | Vaults:5 | Identified the +10 rapier of Contention {vamp, rCorr Str+5}
 64313 | Vaults:5 | Reached skill level 10 in Invocations
 64321 | Vaults:5 | Received a gift from Okawaru
 64490 | Vaults:5 | Reached XP level 23. HP: 184/222 MP: 28/30
 64500 | Vaults:5 | Identified the +4 helmet "Leackam" {rElec rF+ rC- rN++}
 64914 | Vaults:5 | Noticed a dread lich
 64924 | Vaults:5 | Killed a dread lich
 64972 | Vaults:5 | Found the +3 giant club "Skullcrusher" {speed, Str+7}
 64988 | Vaults:5 | Identified the staff of Somewhere Else {*Corrode rElec rF++
                  | Stlth+ Air}
 65423 | Elf:1    | Entered Level 1 of the Elven Halls
 65432 | Elf:1    | Received a gift from Okawaru
 65530 | Elf:1    | Found Xediaclu's Book Emporium.
 65684 | Elf:1    | Got the Grimoire of Relocation
 65766 | Elf:1    | Found a shimmering blue altar of Sif Muna.
 66340 | Elf:1    | Identified the +3 arbalest of Bloody Death {penet, SInv}
 67217 | Elf:1    | Received a gift from Okawaru
 67413 | Elf:2    | Reached skill level 15 in Invocations
 67769 | Elf:2    | Found Cagisk's Magic Scroll Emporium.
 67772 | Elf:2    | Bought a scroll of teleportation for 48 gold pieces
 67772 | Elf:2    | Bought a scroll of teleportation for 48 gold pieces
 67772 | Elf:2    | Bought a scroll of fog for 64 gold pieces
 67772 | Elf:2    | Bought a scroll of brand weapon for 152 gold pieces
 67772 | Elf:2    | Bought a scroll of brand weapon for 152 gold pieces
 67854 | Elf:2    | Found a huge runed translucent gate.
 67854 | Elf:2    | Found a huge runed translucent gate.
 67854 | Elf:2    | Found a huge runed translucent gate.
 67854 | Elf:2    | Found a huge runed translucent gate.
 67854 | Elf:2    | Found a huge runed translucent gate.
 68126 | Elf:2    | Received a gift from Okawaru
 68497 | Elf:3    | Entered Level 3 of the Elven Halls
 68606 | Elf:3    | Got the Cyclopedia of Conjuring
 68740 | Elf:3    | Reached XP level 24. HP: 231/231 MP: 34/34
 68742 | Elf:3    | Identified the +0 long sword "Beastslayer" {holy, rPois}
 68747 | Elf:3    | Received a gift from Okawaru
 69120 | Elf:3    | Identified the +6 broad axe of Hayryll {spect, rElec Str+3
                  | SInv}
 69238 | Elf:3    | Identified the +1 robe "Axzuilei" {Rampage *Corrode Int+7}
 69657 | Elf:3    | Identified the ring "Bixuorph" {rN+ EV+5 Dex+3}
 69658 | Elf:3    | Identified the +9 rapier "Kefiric" {vamp, rN++ rCorr Dex-4}
 69667 | Elf:3    | Received a gift from Okawaru
 69732 | Elf:3    | Got the Codex of the Mortal Tektite
 69779 | Elf:3    | Identified the staff of Impermanence {Int+3 Conj}
 69809 | Elf:3    | Identified the +0 chain mail "Fayckedesi" {Int+5 Stlth-}
 69854 | Elf:3    | Identified the +2 rapier "Wykewom" {holy, ^Contam Fly rC+
                  | rN+ Dex+2}
 69901 | Elf:3    | Identified the +7 plate armour of Makhleb's Benevolence
                  | {rPois Regen+ Str+2 SInv}
 69948 | Elf:3    | Paralysed by an air elemental for 1 turns
 70296 | Crypt:1  | Entered Level 1 of the Crypt
 70297 | Crypt:1  | Upgraded the game from 0.32-a0-338-g4f8ebfe289 to
                  | 0.32-a0-355-ged53ad6fd3
 70613 | Crypt:1  | Found the +8 autumn katana {manifold assault}
 71235 | Crypt:2  | Received a gift from Okawaru
 71541 | Crypt:2  | Identified the +5 leather armour of Mumblety Peg {-Tele rF+
                  | rCorr}
 71775 | Crypt:3  | Entered Level 3 of the Crypt
 71792 | Crypt:3  | Noticed Khufu
 71793 | Crypt:3  | Noticed a royal mummy
 71852 | Crypt:2  | Killed a royal mummy
 71915 | Crypt:2  | Killed Khufu
 72011 | Crypt:3  | Received a gift from Okawaru
 72043 | Crypt:3  | Noticed Margery
 72088 | Crypt:3  | Killed Margery
 72157 | Crypt:3  | Found the +5 scythe "Finisher" {speed, execute}
 72231 | Crypt:3  | Found an ancient bone altar of Kikubaaqudgha.
 72320 | Crypt:3  | Received a gift from Okawaru
 72482 | Crypt:3  | Noticed Sojobo
 72496 | Crypt:3  | Killed Sojobo
 72504 | Crypt:3  | Reached XP level 25. HP: 205/238 MP: 36/36
 72555 | Crypt:3  | Identified the +0 plate armour of the World {Slay+3}
 72748 | Crypt:3  | Noticed Jory
 72758 | Crypt:3  | Found a staircase to the Tomb.
 72765 | Crypt:3  | Killed Jory
 73107 | Depths:1 | Entered Level 1 of the Depths
 73253 | Depths:1 | Received a gift from Okawaru
 73370 | Depths:1 | Found a gateway to Hell.
 73402 | Depths:1 | Identified the +4 arbalest of the Blessed Realm {drain,
                  | rC+}
 73774 | Depths:1 | Found a snail-covered altar of Cheibriados.
 73898 | Depths:1 | Received a gift from Okawaru
 73972 | Depths:1 | Noticed a juggernaut
 73979 | Depths:1 | Killed a juggernaut
 74014 | Depths:1 | Noticed a juggernaut
 74021 | Depths:1 | Killed a juggernaut
 74050 | Depths:1 | Identified the amulet "Huigue" {Faith rN+ Will- rCorr
                  | Dex+4}
 74066 | Depths:1 | Found the +5 Storm Queen's Shield {shock, Fly rElec}
 74190 | Depths:2 | Identified the +4 robe of Gestures {rF- rC+++ Will++}
 74190 | Depths:2 | Noticed Boris
 74308 | Depths:2 | Killed Boris
 74379 | Depths:2 | Noticed Norris
 74386 | Depths:2 | Killed Norris
 74486 | Depths:2 | Received a gift from Okawaru
 74504 | Depths:2 | Found a one-way gate leading to the halls of Pandemonium.
 74953 | Depths:2 | Found a one-way gateway to a ziggurat.
 75170 | Depths:3 | Found a one-way gate to the infinite horrors of the Abyss.
 75259 | Depths:3 | Found a large runed translucent door.
 75261 | Depths:3 | Found a large runed translucent door.
 75403 | Depths:3 | Received a gift from Okawaru
 75485 | Depths:3 | Reached XP level 26. HP: 161/251 MP: 36/36
 75495 | Depths:3 | Noticed Mennas
 75515 | Depths:3 | Killed Mennas
 75579 | Depths:3 | Found a large runed translucent door.
 75692 | Depths:3 | Found a large runed translucent door.
 75776 | Depths:3 | Found a large runed translucent door.
 75780 | Depths:3 | Found a large runed translucent door.
 75780 | Depths:3 | Noticed a juggernaut
 75781 | Depths:3 | Found a large runed translucent door.
 75898 | Depths:3 | Found a large runed translucent door.
 75911 | Depths:3 | Killed a juggernaut
 75911 | Depths:3 | Received a gift from Okawaru
 75939 | Depths:3 | Identified the scarf of Uskayaw's Favour {repulsion, *Slow
                  | rN+ Dex+3}
 75941 | Depths:3 | Identified the ring "Ulyuz" {Fly Str+5 Int+6 Slay-6}
 75981 | Depths:4 | Entered Level 4 of the Depths
 76027 | Depths:4 | Acquired 753 gold pieces
 76165 | Depths:4 | Identified the +0 demon blade of the New World {freeze,
                  | rElec Str+2 Dex-3}
 76188 | Depths:4 | Identified the +5 hand axe of Ukkappy {vamp, Dex+3}
 76311 | Depths:4 | Found a gate to the Realm of Zot.
 76532 | Depths:4 | Received a gift from Okawaru
 76765 | Depths:4 | Noticed a juggernaut
 76767 | Depths:4 | Noticed a juggernaut
 76777 | Depths:4 | Killed a juggernaut
 76781 | Depths:4 | Killed a juggernaut
 77047 | Zot:1    | Entered Level 1 of the Realm of Zot
 77266 | Zot:1    | Received a gift from Okawaru
 77750 | Zot:2    | Identified the maw talisman of Filigreed Lucidity {rElec
                  | Int+3}
 77821 | Zot:2    | Identified the +3 leather armour of Fapae {+Blink}
 77979 | Zot:2    | Found a runed translucent gate.
 77979 | Zot:2    | Found a runed translucent gate.
 77979 | Zot:2    | Found a runed translucent gate.
 77981 | Zot:2    | Noticed Anuegiwi's ghost (veteran AtFi)
 77981 | Zot:2    | Noticed Lioda's ghost (legendary MiBe)
 77984 | Zot:2    | Noticed Ydililac's ghost (legendary GrEE)
 77984 | Zot:2    | Noticed Uqizxu's ghost (master OnFi)
 78004 | Zot:2    | Killed Ydililac's ghost
 78014 | Zot:2    | Killed Uqizxu's ghost
 78022 | Zot:2    | Killed Anuegiwi's ghost
 78064 | Zot:2    | Killed Lioda's ghost
 78072 | Zot:2    | Identified the ring of Juenih {Will+ Str+2 SInv}
 78170 | Zot:2    | Reached XP level 27. HP: 129/262 MP: 36/36
 78171 | Zot:2    | Received a gift from Okawaru
 80037 | Slime:1  | Entered Level 1 of the Pits of Slime
 80077 | Slime:3  | Received a gift from Okawaru
 80090 | Slime:5  | Entered Level 5 of the Pits of Slime
 80090 | Slime:5  | Found the +8 demon trident "Rift" {distort, reach+}
 80187 | Slime:5  | Found a viscous altar of Jiyva.
 80207 | Slime:5  | Noticed Dissolution
 80220 | Slime:5  | Killed Dissolution
 80295 | Slime:5  | Noticed the Royal Jelly
 80304 | Slime:5  | Killed the Royal Jelly
 80439 | Slime:5  | Identified the ring "Jufaangi" {rF+ rN+ AC+4 Int-4 Dex+3}
 80447 | Slime:5  | Got Sif Muna's Encyclopedia of Transposition
 80469 | Slime:5  | Identified the ring of Xeuram {Fly rF+ Int+6}
 80480 | Slime:5  | Identified the +3 leather armour "Nimaap" {rElec Will+}
 80497 | Slime:5  | Identified the ring of No Interval {rElec rC+ Dex+3}
 80502 | Slime:5  | Identified the +6 scale mail of the Dice {Rampage Int+5
                  | Dex+2}
 80529 | Slime:5  | Got a starry gem with 170 turns to spare
 80532 | Slime:5  | Got a slimy rune of Zot
 80534 | Slime:5  | Got the Guidebook on the Hornet and Vapour
 80570 | Slime:2  | Gained mutation: Your spells are a little easier to cast,
                  | but a little less powerful. [a shining eye]
 80855 | Zig:1    | Entered Level 1 of a ziggurat
 80870 | Zig:2    | Entered Level 2 of a ziggurat
 80881 | Zig:3    | Entered Level 3 of a ziggurat
 80899 | Zig:4    | Entered Level 4 of a ziggurat
 80931 | Zig:5    | Entered Level 5 of a ziggurat
 80934 | Zig:5    | Noticed an orb of fire
 80935 | Zig:5    | Noticed an orb of fire
 80935 | Zig:5    | Gained mutation: You have hidden genetic defects. [an orb
                  | of fire]
 80941 | Zig:5    | Gained mutation: Your magical capacity is low. (-10% MP)
                  | [an orb of fire]
 80943 | Zig:5    | Gained mutation: Your magical capacity is very low. (-20%
                  | MP) [an orb of fire]
 80945 | Zig:5    | Lost mutation: Your magical capacity is very low. (-20% MP)
                  | [an orb of fire]
 80949 | Zig:5    | Killed an orb of fire
 80950 | Zig:5    | Gained mutation: You occasionally lose the ability to drink
                  | potions when taking damage. [an orb of fire]
 80952 | Zig:5    | Killed an orb of fire
 80952 | Zig:5    | Received a gift from Okawaru
 80965 | Zig:5    | Lost mutation: You have hidden genetic defects. [potion of
                  | mutation]
 80965 | Zig:5    | Lost mutation: You possess an exceptional clarity of mind.
                  | [potion of mutation]
 80965 | Zig:5    | Gained mutation: You expend magic power (3 MP) to
                  | strengthen your wands. [potion of mutation]
 80965 | Zig:5    | Gained mutation: You have hidden genetic potential. [potion
                  | of mutation]
 80969 | Zig:6    | Entered Level 6 of a ziggurat
 81059 | Zig:6    | Identified the +6 shortbow of Crawling {flame, Will+ rCorr
                  | Dex+3}
 81066 | Zig:7    | Entered Level 7 of a ziggurat
 81301 | Zig:7    | Identified the +8 flail "Impbane" {flame, Str+2}
 81302 | Zig:7    | Identified the staff "Merell" {^Drain rElec Dex+5 Air}
 81310 | Zig:8    | Entered Level 8 of a ziggurat
 81381 | Zig:8    | Identified the ring of Osuor {rF+ rC+ Int-5 Dex+6}
 81390 | Zig:9    | Entered Level 9 of a ziggurat
 81431 | Zig:9    | Noticed a royal mummy
 81432 | Zig:9    | Noticed a royal mummy
 81438 | Zig:10   | Entered Level 10 of a ziggurat
 81599 | Zig:10   | Identified the ring of Ankahouso {Fly rPois Dex+3}
 81625 | Zig:11   | Entered Level 11 of a ziggurat
 81655 | Zig:11   | Paralysed by accursed screaming for 1 turns
 81666 | Zig:11   | Paralysed by accursed screaming for 1 turns
 81731 | Zig:11   | Identified the +0 triple crossbow "Giantslayer" {flame,
                  | rN+}
 81732 | Zig:11   | Identified the staff "Kasesk" {rF+ Int+3 Fire}
 81733 | Zig:11   | Identified the staff "Raisin" {rElec Int+3 Air}
 81738 | Zig:11   | Identified the +1 cloak "Nadess" {Fly}
 81742 | Zig:11   | Identified the staff of Hammering Peril {rPois rF- Dex+8
                  | Alchemy}
 81746 | Zig:12   | Entered Level 12 of a ziggurat
 81758 | Zig:12   | Received a gift from Okawaru
 81835 | Zig:12   | Identified the ring of the Scavenger {rC+ rN+}
 81843 | Zig:12   | Identified the +6 great sword of Rilot {freeze, Stlth+}
 81844 | Zig:12   | Identified the +9 long sword "Killer Bee's Regret" {heavy,
                  | Int+5}
 81846 | Zig:12   | Identified the +0 chain mail of Rergh {rPois rCorr Str-5
                  | Dex+7}
 81854 | Zig:13   | Entered Level 13 of a ziggurat
 81916 | Zig:13   | Identified the +0 buckler of Beauty {Str+3}
 81922 | Zig:13   | Identified the ring of Qoekhaff {Fly rN+}
 81931 | Zig:14   | Entered Level 14 of a ziggurat
 81946 | Zig:14   | Noticed a royal mummy
 81946 | Zig:14   | Noticed a royal mummy
 81946 | Zig:14   | Found the crystal ball of Wucad Mu {*channel}
 82113 | Depths:3 | Voluntarily entered the Abyss.
 82130 | Abyss:2  | Found a corrupted altar of Lugonu.
 82425 | Abyss:3  | Found a corrupted altar of Lugonu.
 82543 | Abyss:3  | Received a gift from Okawaru
 82612 | Abyss:3  | Gained mutation: You are agile. (Dex +4, Str/Int -1) [a
                  | neqoxec]
 82620 | Abyss:3  | Gained mutation: You are frail. (-10% HP) [a cacodemon]
 82653 | Abyss:3  | Paralysed by accursed screaming for 1 turns
 82663 | Abyss:3  | Paralysed by accursed screaming for 1 turns
 82694 | Abyss:3  | Got an abyssal rune of Zot
 82712 | Abyss:3  | Gained mutation: You occasionally lose the ability to read
                  | scrolls when taking damage. [a neqoxec]
 82713 | Abyss:3  | Gained mutation: You are vulnerable to heat. (rF-) [a
                  | neqoxec]
 82860 | Abyss:3  | Noticed an ancient lich
 82864 | Abyss:3  | Killed an ancient lich
 83029 | Abyss:3  | Found a corrupted altar of Lugonu.
 83269 | Abyss:3  | Found a corrupted altar of Lugonu.
 83305 | Depths:3 | Escaped the Abyss
 83308 | Depths:3 | Lost mutation: Your spells are a little easier to cast, but
                  | a little less powerful. [potion of mutation]
 83308 | Depths:3 | Lost mutation: You occasionally lose the ability to read
                  | scrolls when taking damage. [potion of mutation]
 83308 | Depths:3 | Gained mutation: You have supernaturally acute eyesight.
                  | (SInv) [potion of mutation]
 83309 | Depths:3 | Lost mutation: You have hidden genetic potential. [potion
                  | of mutation]
 83309 | Depths:3 | Lost mutation: You expend magic power (3 MP) to strengthen
                  | your wands. [potion of mutation]
 83309 | Depths:3 | Lost mutation: You occasionally lose the ability to drink
                  | potions when taking damage. [potion of mutation]
 83310 | Depths:3 | Lost mutation: You are agile. (Dex +4, Str/Int -1) [potion
                  | of mutation]
 83310 | Depths:3 | Lost mutation: You are frail. (-10% HP) [potion of
                  | mutation]
 83310 | Depths:3 | Gained mutation: You have hidden genetic defects. [potion
                  | of mutation]
 83310 | Depths:3 | Gained mutation: You occasionally shout uncontrollably at
                  | your foes. [potion of mutation]
 83310 | Depths:3 | Gained mutation: You are agile. (Dex +4, Str/Int -1)
                  | [potion of mutation]
 83311 | Depths:3 | Lost mutation: You are agile. (Dex +4, Str/Int -1) [potion
                  | of mutation]
 83311 | Depths:3 | Lost mutation: You have supernaturally acute eyesight.
                  | (SInv) [potion of mutation]
 83311 | Depths:3 | Gained mutation: You are clumsy. (Dex -2) [potion of
                  | mutation]
 83311 | Depths:3 | Lost mutation: You have hidden genetic defects. [potion of
                  | mutation]
 83311 | Depths:3 | Gained mutation: Potions are less effective at restoring
                  | your health. [potion of mutation]
 83312 | Depths:3 | Lost mutation: Potions are less effective at restoring your
                  | health. [potion of mutation]
 83312 | Depths:3 | Lost mutation: You are clumsy. (Dex -2) [potion of
                  | mutation]
 83312 | Depths:3 | Lost mutation: Your magical capacity is low. (-10% MP)
                  | [potion of mutation]
 83312 | Depths:3 | Gained mutation: Your mind is acute. (Int +4, Str/Dex -1)
                  | [potion of mutation]
 83312 | Depths:3 | Gained mutation: You are partially covered in large bone
                  | plates. (SH +4) [potion of mutation]
 83313 | Depths:3 | Lost mutation: You are partially covered in large bone
                  | plates. (SH +4) [potion of mutation]
 83313 | Depths:3 | Lost mutation: Your mind is acute. (Int +4, Str/Dex -1)
                  | [potion of mutation]
 83313 | Depths:3 | Lost mutation: You occasionally shout uncontrollably at
                  | your foes. [potion of mutation]
 83313 | Depths:3 | Gained mutation: You are very vulnerable to heat. (rF--)
                  | [potion of mutation]
 83313 | Depths:3 | Gained mutation: Your muscles are strong. (Str +4, Int/Dex
                  | -1) [potion of mutation]
 83313 | Depths:3 | Gained mutation: You are strong-willed. (Will+) [potion of
                  | mutation]
 83314 | Depths:3 | Lost mutation: Your muscles are strong. (Str +4, Int/Dex
                  | -1) [potion of mutation]
 83314 | Depths:3 | Lost mutation: You are very vulnerable to heat. (rF--)
                  | [potion of mutation]
 83314 | Depths:3 | Lost mutation: You are strong-willed. (Will+) [potion of
                  | mutation]
 83314 | Depths:3 | Gained mutation: Your body sometimes deteriorates upon
                  | taking damage. [potion of mutation]
 83314 | Depths:3 | Gained mutation: You are weak. (Str -2) [potion of
                  | mutation]
 83315 | Depths:3 | Lost mutation: You are weak. (Str -2) [potion of mutation]
 83315 | Depths:3 | Lost mutation: You are vulnerable to heat. (rF-) [potion of
                  | mutation]
 83315 | Depths:3 | Lost mutation: Your body sometimes deteriorates upon taking
                  | damage. [potion of mutation]
 83315 | Depths:3 | Gained mutation: You are dopey. (Int -2) [potion of
                  | mutation]
 83578 | Zot:4    | Received a gift from Okawaru
 83906 | Zot:4    | Noticed Vv
 83915 | Zot:4    | Killed Vv
 84371 | Zot:5    | Entered Level 5 of the Realm of Zot
 84406 | Zot:5    | Found a huge runed translucent gate.
 84406 | Zot:5    | Found a huge runed translucent gate.
 84406 | Zot:5    | Found a huge runed translucent gate.
 84406 | Zot:5    | Found a huge runed translucent gate.
 84406 | Zot:5    | Found a huge runed translucent gate.
 84407 | Zot:5    | Found a huge runed translucent gate.
 84408 | Zot:5    | Found a huge runed translucent gate.
 84409 | Zot:5    | Found a huge runed translucent gate.
 84409 | Zot:5    | Found a huge runed translucent gate.
 84410 | Zot:5    | Found a huge runed translucent gate.
 84410 | Zot:5    | Found a huge runed translucent gate.
 84411 | Zot:5    | Found a huge runed translucent gate.
 84411 | Zot:5    | Found a huge runed translucent gate.
 84411 | Zot:5    | Found a huge runed translucent gate.
 84414 | Zot:5    | Found a huge runed translucent gate.
 84416 | Zot:5    | Found a huge runed translucent gate.
 84417 | Zot:5    | Found a huge runed translucent gate.
 84417 | Zot:5    | Found a huge runed translucent gate.
 84547 | Zot:5    | Found a huge runed translucent gate.
 84548 | Zot:5    | Found a huge runed translucent gate.
 84671 | Zot:5    | Received a gift from Okawaru
 84807 | Zot:5    | Found a huge runed translucent gate.
 84808 | Zot:5    | Found a huge runed translucent gate.
 84808 | Zot:5    | Found a huge runed translucent gate.
 84808 | Zot:5    | Found a huge runed translucent gate.
 84808 | Zot:5    | Found a huge runed translucent gate.
 84808 | Zot:5    | Found a huge runed translucent gate.
 84808 | Zot:5    | Found a huge runed translucent gate.
 84809 | Zot:5    | Found a huge runed translucent gate.
 84809 | Zot:5    | Found a huge runed translucent gate.
 84810 | Zot:5    | Found a huge runed translucent gate.
 84811 | Zot:5    | Found a huge runed translucent gate.
 84816 | Zot:5    | Found a huge runed translucent gate.
 84817 | Zot:5    | Found a huge runed translucent gate.
 84817 | Zot:5    | Found a huge runed translucent gate.
 84817 | Zot:5    | Found a huge runed translucent gate.
 84828 | Zot:5    | Found a huge runed translucent gate.
 84914 | Zot:5    | Noticed an orb of fire
 84926 | Zot:5    | Gained mutation: You are weak. (Str -2) [an orb of fire]
 84926 | Zot:5    | Gained mutation: Potions are less effective at restoring
                  | your health. [an orb of fire]
 84927 | Zot:5    | Killed an orb of fire
 84998 | Zot:5    | Noticed an orb of fire
 85009 | Zot:5    | Killed an orb of fire
 85077 | Zot:5    | Received a gift from Okawaru
 85078 | Zot:5    | Noticed an ancient lich
 85081 | Zot:5    | Killed an ancient lich
 85204 | Zot:5    | Noticed an orb of fire
 85204 | Zot:5    | Noticed an orb of fire
 85207 | Zot:5    | Noticed an orb of fire
 85215 | Zot:5    | Gained mutation: Your body sometimes deteriorates upon
                  | taking damage. [an orb of fire]
 85218 | Zot:5    | Noticed an ancient lich
 85218 | Zot:5    | Gained mutation: You occasionally lose the ability to drink
                  | potions when taking damage. [an orb of fire]
 85220 | Zot:5    | Gained mutation: You sometimes lose your temper in combat.
                  | [an orb of fire]
 85221 | Zot:5    | Killed from afar by an orb of fire

Illustrated notes

Levels and vault maps discovered:
D:1:      psy_arrival_radial01, layout_basic, st_stairs_14
D:2:      layout_basic
D:3:      layout_loops_corners, tgw_trog,
          mainiacjoe_overflow_concentric_impassable, mainiacjoe_overflow_catwalk
D:4:      layout_gridville, serial_glass, glass_columns_b, glass_columns_b,
          nicolae_shop_firing_range, uniq_natasha
D:5:      layout_loops_corners, nicolae_ru_the_path_less_chosen,
          mainiacjoe_overflow_paths
D:6:      layout_loops_ring, temple_fountains, serial_shops, shop,
          nicolae_shop_drivethru, shop_fountains,
          nicolae_shop_bloodbath_and_beyond, uniq_sigmund, uniq_pikel
D:7:      layout_basic, regret_index_xom_buried_treasure,
          mainiacjoe_overflow_six_doors_small, nicolae_ossuary_entry_catacombs
D:8:      minmay_recursive_quarters, layout_loops_ring
D:9:      layout_basic, lair_entry_dummy, serial_shops,
          nicolae_shop_real_fake_doors, uniq_erica
D:10:     layout_roguey, marbit_many_paths, nicolae_overflow_crystal_walls,
          serial_park_tiny_pond, uniq_psyche, uniq_sonja
D:11:     layout_basic, david_orc_4, serial_shops,
          nicolae_shop_advertising_works [nicolae_subvault_shop_adworks],
          minmay_holes
D:12:     layout_basic, special_room [special_room_bee], lemuel_old_faithful
D:13:     layout_gridville, grunt_vaults_entry_tiered, uniq_azrael
D:14:     layout_loops_ring, tso_altar, uniq_snorg
D:15:     hangedman_depths_entry_try_elsewhere_first, layout_basic,
          grunt_dithmenos_shadows
Temple:   nicolae_temple_figure_eight
Lair:1:   layout_regular_city, gammafunk_ghost_icy, infiniplex_staircase_pool_2
Lair:2:   layout_gridlike, minmay_shoals_entry_lonely_mermaid,
          nicolae_snake_entry_warm_welcome, ebering_ghost_inner_flame
Lair:3:   layout_loops_ring, enter_volcano_1, serial_bayou_pond_d,
          serial_bayou_shore_b
Lair:4:   layout_regular_city, gammafunk_ghost_ooze, grunt_megastairs_1,
          uniq_josephine
Lair:5:   hangedman_lair_tendril_chambers, layout_hall_layers, wormcave,
          nicolae_slime_entry_field_trip, uniq_rupert
Shoals:1: layout_shoals, nicolae_shoals_lost_giant_temple, uniq_kirke
Shoals:2: layout_shoals, nicolae_shoals_goliath_grotto
Shoals:3: layout_shoals, uniq_roxanne
Shoals:4: shoals_end_hangedman, layout_shoals
Snake:1:  layout_chambers, st_stairs_9, nicolae_specific_store,
          nicolae_snake_squiggles, serial_bayou_shore_a, uniq_louise
Snake:2:  layout_rooms, serial_shops, shop_fountains, nicolae_shop_stone, shop,
          uniq_nikola
Snake:3:  layout_cave_town, portal_ice_cave_entry_frozen_things,
          nicolae_snake_scaly_snakehead, lemuel_fruit_tree
Snake:4:  grunt_snake_rune_spirals, layout_onion,
          nicolae_snake_gridmaze_squiggle
Slime:1:  layout_caves
Slime:2:  layout_caves
Slime:3:  layout_caves
Slime:4:  layout_caves
Slime:5:  slime_pit_nicolae_jellycorners, uniq_dissolution
Orc:1:    layout_diamond_mine
Orc:2:    grunt_orc_tribal_feast, layout_diamond_mine, serial_shops,
          nicolae_shop_crystal, uniq_urug, uniq_maurice
Elf:1:    minmay_elf_arrival_circle, layout_loops_ring, basic_altar,
          serial_shops, nicolae_shop_behind_doors,
          nicolae_elf_shapeshifter_party, nicolae_elf_deep_mausoleum
Elf:2:    elven_hall_of_blades_hangedman_alternative [nicolae_blade_tridents],
          layout_gridlike, serial_shops, nicolae_shop_rolled_up
Elf:3:    grunt_elf_hall_branching, layout_geoelf_grid, minmay_elf_annihilation
Vaults:1: nicolae_vaults_ring_of_whatevers,
          nicolae_vaults_offset_grid_hallway_2, nicolae_vaults_big_ls,
          nicolae_vaults_trapezoid_lopsided_2,
          nicolae_vaults_thirteen_compartments, vaults_room_octagon,
          nicolae_vaults_network_square, v_misc_29,
          nicolae_vaults_yaktaur_gun_rack, v_misc_18, nicolae_vaults_asterisk,
          vaults_standard_mumra_lines, vaults_room_pool, vaults_dpeg_ring,
          nicolae_vaults_double_plus_1, layout_vaults_maze_snakey, serial_shops,
          nicolae_shop_stone
Vaults:2: ontoclasm_vaults_spin, nicolae_vaults_offset_grid_hallway_3,
          ontoclasm_vaults_ligature, minmay_crypt_entry_nasty_monster,
          vaults_standard_mumra_x, ontoclasm_vaults_tryst,
          nicolae_vaults_network_s, nicolae_vaults_closet_pinwheel_5,
          nicolae_vaults_what_the_h, layout_vaults_big_room, serial_shops, shop,
          uniq_zenata
Vaults:3: grunt_vaults_twisty, v_pattern_3, hangedman_vaults_capsules,
          nicolae_vaults_little_squares_1, nicolae_vaults_rhombus_6,
          nicolae_vaults_weapon_check, nicolae_vaults_shipping_containers_4,
          v_misc_30, nicolae_vaults_taking_the_gang_shopping,
          layout_vaults_omnigrid
Vaults:4: portal_desolation_entry_salt, abrahamwl_protected_by_tso_2,
          grunt_vaults_trifunnel, nicolae_vaults_asterisk, grunt_vaults_bifocal,
          v_alt_pattern_6, nicolae_vaults_specimen_jars,
          nicolae_vaults_little_squares_1, vaults_mumra_hex, v_pattern_1,
          nicolae_vaults_trapezoid_lopsided_1, v_misc_12, layout_vaults_omnibox
Vaults:5
Crypt:1:  layout_basic, small_chamber_with_monster
Crypt:2:  layout_misc_corridors
Crypt:3:  grunt_crypt_end_deaths_head, uniq_khufu, uniq_margery, uniq_sojobo
Depths:1: lemuel_traditional_vault, layout_basic, hangedman_geh_valley,
          lemuel_statue_altar, minmay_misc_feat_room, slow_altar_2
Depths:2: minmay_angry_zag, layout_gridlike, enter_ziggurat_b, pan_entry,
          hell_entry, uniq_boris, uniq_norris
Depths:3: minmay_five_octagons, layout_cross, hell_entry, pan_entry,
          minmay_room_of_horrors, nicolae_figureground_pulse, uniq_mennas
Depths:4: grunt_zot_entry_funnels, layout_gridville, hellmouth_2,
          rand_demon_pan_entry_7, grunt_ministairs_2
Zot:1:    layout_misc_corridors, regret_index_zotdec_zees,
          regret_index_zotdec_twisting_globes
Zot:2:    layout_twisted_circle, regret_index_zotdec_bone_old,
          gammafunk_ghost_cemetery, uniq_josephina
Zot:3:    layout_gridlike
Zot:4:    regret_index_zot_pan_timeshare, layout_concentric_octagons,
          st_single_dragon_hoard_3, st_stairs_1, uniq_vv
Zot:5:    layout_basic, not_door_vault_mu

Skill      XL: |  1  2  3  4  5  6  7  8  9 10 11 12 13 14 15 16 17 18 19 20 21 22 23 24 25 26 27 |
---------------+----------------------------------------------------------------------------------+-----
Dodging        | 1 2 3 4 5 6 8 9 10 12 13 15 16 17 18 19 20 21 22 24 | 24.6
Fighting       | 4 5 6 7 8 10 11 12 13 14 15 16 18 19 20 21 22 23 24 26 | 26.8
Armour         | 4 5 6 7 8 9 11 12 13 14 15 16 18 19 20 21 22 23 24 26 | 26.8
Shields        | 4 5 6 7 8 9 11 12 13 14 15 16 18 19 20 21 22 23 24 26 | 26.7
Axes           | 3 4 6 8 9 10 12 13 14 15 16 17 19 20 21 23 24 26 | 26.6
Invocations    | 10 17 20 | 20.4

Action                     |  1- 3 |  4- 6 |  7- 9 | 10-12 | 13-15 | 16-18 | 19-21 | 22-24 | 25-27 || total
---------------------------+-------+-------+-------+-------+-------+-------+-------+-------+-------++-------
  Melee: War axe           |    56 |   115 |   378 |   561 |       |       |       |       |       ||  1110
         Headbutt          |     9 |    13 |    68 |   107 |   141 |   238 |   381 |   450 |   650 ||  2057
         Unarmed           |       |       |     5 |       |       |       |       |    38 |       ||    43
         Broad axe         |       |       |       |    10 |   522 |   999 |  1369 |  1362 |  1958 ||  6220
  Throw: Throwing net      |       |       |       |       |       |       |     2 |       |       ||     2
 Invoke: Heroism           |       |       |       |       |     1 |     7 |    10 |     8 |    18 ||    44
         Finesse           |       |       |       |       |       |       |       |     1 |     5 ||     6
  Evoke: Wand              |       |       |       |     5 |       |     1 |       |       |     3 ||     9
         Lightning rod     |       |       |       |       |       |       |       |     4 |       ||     4
    Use: Scroll            |     5 |     5 |     7 |    17 |     6 |     5 |     8 |    22 |    14 ||    89
         Potion            |       |       |     2 |     4 |     1 |     8 |     3 |    10 |    33 ||    61
   Stab: Paralysed         |       |       |       |     2 |       |       |       |       |       ||     2
         Invisible         |       |       |       |     2 |     2 |       |       |       |    16 ||    20
         Held in net/web   |       |       |       |       |       |       |     1 |       |       ||     1
         Distracted        |       |       |       |       |       |       |       |       |     1 ||     1
 Armour: Scale mail        |    33 |     3 |       |       |       |    92 |       |       |       ||   128
         Plate armour      |       |   116 |   265 |   649 |   303 |   402 |   648 |   472 |   949 ||  3804
         Skin              |       |       |     3 |       |       |       |       |    20 |       ||    23
  Dodge: Dodged            |    22 |    39 |   141 |   341 |   322 |   457 |   417 |   477 |   712 ||  2928
  Block: Buckler           |    16 |    38 |    79 |   256 |   199 |   113 |       |       |       ||   701
         Kite shield       |       |       |       |       |       |   523 |   992 |   917 |  1543 ||  3975

Table legend: (Time is in decaauts)
 A = Elapsed time spent in this place.
 B = Non-inter-level travel time spent in this place.
 C = Inter-level travel time spent in this place.
 D = Time resting spent in this place.
 E = Time spent auto-exploring this place.
 F = Levels seen in this place.
 G = Mean time per level.
                   A        B        C        D        E       F      G
               +--------+--------+--------+--------+--------+-----+--------+
         Total |  84234 |  78633 |   5601 |   2626 |  62173 |  77 | 1093.9 |
       Dungeon |  21903 |  19384 |   2519 |     49 |  16349 |  15 | 1460.2 |
        Temple |     58 |      1 |     57 |      0 |      0 |   1 |   58.0 |
          Lair |  10307 |   9577 |    730 |    187 |   8437 |   5 | 2061.4 |
        Shoals |   7395 |   7206 |    189 |     35 |   6527 |   4 | 1848.8 |
     Snake Pit |   9553 |   9227 |    326 |    141 |   7817 |   4 | 2388.2 |
    Slime Pits |    482 |    482 |      0 |      7 |    109 |   5 |   96.4 |
  Orcish Mines |   2112 |   1893 |    219 |      0 |   1644 |   2 | 1056.0 |
   Elven Halls |   4529 |   4305 |    224 |    921 |   2480 |   3 | 1509.7 |
        Vaults |  11469 |  10915 |    554 |    179 |   9187 |   5 | 2293.8 |
         Crypt |   2506 |   2411 |     95 |    166 |   1363 |   3 |  835.3 |
        Depths |   4168 |   3696 |    472 |    107 |   2677 |   4 | 1042.0 |
           Zot |   4355 |   4142 |    213 |    266 |   2890 |   5 |  871.0 |
         Abyss |   1828 |   1828 |      0 |     94 |    884 |   3 |  609.3 |
      Ziggurat |   1074 |   1074 |      0 |    271 |    211 |  14 |   76.7 |
       Ossuary |    278 |    278 |      0 |      0 |    114 |   1 |  278.0 |
      Ice Cave |    268 |    268 |      0 |     47 |    114 |   1 |  268.0 |
       Volcano |    277 |    277 |      0 |     63 |     86 |   1 |  277.0 |
    Desolation |   1664 |   1664 |      0 |     91 |   1283 |   1 | 1664.0 |
               +--------+--------+--------+--------+--------+-----+--------+

Top non-repeatable levels by time:
Vaults:1: 3877 daAuts
 Snake:4: 3524 daAuts
  Lair:5: 2878 daAuts
 Snake:1: 2740 daAuts
Vaults:3: 2615 daAuts
Vaults:2: 2381 daAuts
    D:13: 2222 daAuts
Shoals:4: 2132 daAuts
 Snake:3: 2131 daAuts
Shoals:1: 2109 daAuts
  Lair:4: 1956 daAuts
Shoals:2: 1917 daAuts
    D:11: 1880 daAuts
  Lair:2: 1871 daAuts
    D:15: 1849 daAuts
